woodfighter, chaotic female orcish Cavewoman ..... ...%... ..%..|.. G ---------...---|.. ..........-- G G@)...)...*.| |....--.|........)........` --------%..- |............*.........--.. |... ----............. |.. --.. --- |... ---.-- --...---...<| .....||....-- --.|.||-...| |.--...-- |.....-- --..-- ---- woodfighter the Cave Teen Experience level: 4 Strength: 18/04 Dexterity: 10 Constitution: 18 Intelligence: 8 Wisdom: 10 Charisma: 7 Health: 0(44) Energy: 8(8) Def: 2 Gold: 263 Moves: 1222 Dungeon seed: qz81D9mJ5wHo0CHx Game ID: woodfighter_1475340319 Your Inventory: Coins $ - 263 gold pieces Weapons a - a +1 club (weapon in hand) b - a blessed +2 sling (alternate weapon; not wielded) o - 14 +1 arrows p - a cursed -1 bow Armor n - an uncursed +0 dwarvish cloak q - an uncursed +0 leather armor (being worn) r - a blessed +2 pair of iron shoes z - an uncursed +0 dwarvish cloak Comestibles h - 2 uncursed fortune cookies Scrolls i - a cursed scroll of teleportation m - an uncursed scroll of enchant armor Potions g - an uncursed potion of monster detection j - an uncursed potion of sleeping Wands l - a wand of enlightenment (0:11) Tools y - an uncursed skeleton key Gems e - 11 uncursed flints (in quiver) Spells and supernatural/magical abilities: Name Level Category Fail Memory W - pray for help -- divine ? -- Your skills at the end: Miscellaneous Skills bare handed combat [Basic] Weapon Skills scimitar [Basic] club [Basic] sling [Basic] Spellcasting Skills Final Attributes: You were piously aligned. You were poison resistant. You had infravision. You were very stealthy. You are dead. Vanquished creatures: a dwarf king a gnome lord a dwarf 2 coyotes a gas spore a large kobold 6 gnomes 3 jackals a kobold 5 newts 4 sewer rats 3 grid bugs 3 lichens a kobold zombie 33 creatures vanquished. Voluntary challenges: You did not adorn yourself with jewelry or accessories. You did not cause conflict. You were not invisible. You did not have reflection. You were not displaced. You were an atheist. You used a wielded weapon 40 times, starting on turn 117. You did not use tools. You did not use plumbed fixtures. You did not drink any magical draughts. You were illiterate. You never genocided any monsters. You never polymorphed an object. You never changed form. You used no wishes. You never split a pudding. You never wrote Elbereth's name. You never violated your personal moral code. Dungeon overview: The Dungeons of Doom: levels 1 to 4 Level 1 (locked) some fountains a long staircase Level 2 a fountain Level 3 (water) a fountain stairs to The Gnomish Mines Level 4 The Gnomish Mines: Level 4 <- You were here stairs to The Dungeons of Doom History has recorded: On T:1 you entered the Dungeons of Doom to retrieve the Amulet of Yendor! On T:29 you reached level 2 of The Dungeons of Doom. On T:553 you advanced to experience level 2. On T:646 you reached level 3 of The Dungeons of Doom. On T:952 you reached level 4 of The Dungeons of Doom. On T:1039 you advanced to experience level 3. On T:1102 you reached level 1 of The Gnomish Mines. On T:1173 you advanced to experience level 4. Score breakdown: Gold: 263 ( 26 points) Experience: 4 levels ( 300 points) Exploration: 4 levels ( 90 points) Discoveries: 9 items ( 450 points) Variety of kills: 14 monsters ( 700 points) Major goal: (nothing yet) ( 0 points) Survival: died (score multiplied by 3) Total score: 4698 Latest messages: You kill the gnome! You see here a gnome corpse. The gnome punches you! You kill the gnome! The gnome wields a crossbow! The gnome wields a dagger! You kill the gnome! The dwarf drinks a pink potion! The dwarf is suddenly moving faster. You see here a gnome corpse. The gnome king throws 2 daggers! The dwarf is hit. (2x) You kill the gnome! The gnome king throws a dagger! The dwarf is hit. You see here a dagger. You see here 2 daggers. The dwarf wields a dagger! You kill the dwarf! z - a hooded cloak. There are a few more objects here. The gnome king punches you! You hit the gnome king! The gnome king punches you! You hit the gnome king! The gnome king punches you! You die... Final status: Goodbye woodfighter the Cavewoman, killed by a gnome king... You died in The Gnomish Mines on dungeon level 4 with 4698 points, and 263 pieces of gold, after 1222 moves. You were level 4 with a maximum of 44 hit points when you died.